 Dungeon Crawl Stone Soup version 0.28.0-53-g5a82cb258f (webtiles) character file.

Game seed: 11661713892806686393

2259 Zeld the Zephyrmancer (level 9, -4/45 HPs)
             Began as a Tengu Air Elementalist on June 14, 2022.
             Was an Initiate of Gozag.
             Slain by a wyvern zombie (8 damage)
             ... on level 8 of the Dungeon.
             The game lasted 00:11:17 (11180 turns).

Zeld the Zephyrmancer (Tengu Air Elementalist)     Turns: 11180, Time: 00:11:18

Health: -4/45      AC:  3    Str:  9    XL:     9   Next: 38%
Magic:  13/21      EV: 14    Int: 19    God:    Gozag
Gold:   692        SH:  5    Dex: 15    Spells: 10/23 levels left

rFire   . . .      SeeInvis .   (no weapon)
rCold   . . .      Faith    .   (no shield)
rNeg    . . .      Spirit   .   a - +0 robe
rPois   .          Reflect  +   (helmet restricted)
rElec   .          Harm     .   (no cloak)
rCorr   .          Rampage  .   k - +0 pair of gloves
Will    +....                   (boots unavailable)
Stlth   ++........              G - amulet of reflection
HPRegen 0.15/turn               y - ring of willpower
MPRegen 0.17/turn               B - ring of wizardry

@: flying quickly and evasively, studying Dodging, quick
A: beak, talons 3, nimble flight
a: Renounce Religion, Potion Petition, Call Merchant, Bribe Branch


You were on level 8 of the Dungeon.
You worshipped Gozag.
Gozag was pleased with you.
You visited 2 branches of the dungeon, and saw 9 of its levels.

You collected 751 gold pieces.
You paid 59 gold pieces to Gozag.

Inventory:

Missiles
 d - 30 bolts
 A - 6 poisoned darts
 D - 2 curare-tipped darts
 I - 6 datura-tipped darts
Armour
 a - a +0 robe (worn)
 k - a +0 pair of gloves (worn)
Jewellery
 y - a ring of willpower (left hand)
 B - a ring of wizardry (right hand)
 G - an amulet of reflection (around neck)
Wands
 s - a wand of paralysis (14)
 t - a wand of flame (44)
 E - a wand of digging (5)
Scrolls
 b - 3 scrolls of immolation
 f - 2 scrolls of silence {unknown}
 j - 6 scrolls of identify {unknown}
 n - 4 scrolls of amnesia {unknown}
 o - 2 scrolls of fog {unknown}
 u - 2 scrolls of enchant weapon {unknown}
 v - 3 scrolls of teleportation {unknown}
 w - a scroll of brand weapon {unknown}
 z - a scroll of fear {unknown}
 C - a scroll of magic mapping {unknown}
Potions
 c - a potion of berserk rage {unknown}
 e - 3 potions of might {unknown}
 g - 2 potions of brilliance {unknown}
 h - a potion of haste {unknown}
 i - a potion of curing {unknown}
 l - a potion of magic {unknown}
 m - a potion of mutation {unknown}
 p - 4 potions of lignification {unknown}
 q - 2 potions of attraction {unknown}
 r - a potion of flight {unknown}
 x - a potion of cancellation {unknown}
 F - a potion of degeneration {unknown}
 H - a potion of heal wounds {unknown}


   Skills:
 - Level 2.1 Dodging
 - Level 2.0 Stealth
 * Level 7.7 Spellcasting
 + Level 7.7 Conjurations
 - Level 10.0 Air Magic


You had 10 spell levels left.
You knew the following spells:

 Your Spells              Type           Power      Damage    Failure   Level
a - Shock                 Conj/Air       100%       1d9       1%          1
b - Static Discharge      Conj/Air       41%        N/A       1%          2
c - Swiftness             Air            45%        N/A       1%          3
d - Airstrike             Air            22%        N/A       1%          4
q - Mephitic Cloud        Conj/Pois/Air  29%        N/A       1%          3

Your spell library contained the following spells:

 Spells                   Type           Power      Damage    Failure   Level
 Magic Dart               Conj           100%       1d8       1%          1
 Call Imp                 Summ           7%         N/A       6%          2
 Hailstorm                Conj/Ice       22%        3d7       8%          4
 Gell's Gravitas          Tloc           7%         N/A       12%         3
 Lesser Beckoning         Tloc           7%         N/A       12%         3
 Teleport Other           Tloc           7%         N/A       12%         3
 Cause Fear               Hex            3%         N/A       34%         4
 Ice Form                 Ice/Tmut       7%         N/A       34%         4
 Simulacrum               Ice/Necr       3%         N/A       99%         6
 Dragon Form              Tmut           3%         N/A       100%        7
 Dragon's Call            Summ           3%         N/A       100%        9


Dungeon Overview and Level Annotations

Branches:
Dungeon (8/15)             Temple (1/1) D:5
   Lair: D:8-11

Altars:
Ashenzari
Elyvilon
Fedhas
Gozag
Hepliaklqana
Kikubaaqudgha
Nemelex Xobeh
Okawaru
Qazlal
Ru
Trog
Uskayaw
Wu Jian
Xom
The Shining One

Annotations:
D:3 1 runed translucent door, Crazy Yiuf
D:8 1 runed translucent door, trickyswaf's ghost, journeyman HOFi


Innate Abilities, Weirdness & Mutations

You have a beak for a mouth.
You have claws for feet.
Your magical nature lets you fly swiftly and evasively.


Message History

You hit the wyvern zombie but do no damage.
You claw the wyvern zombie, but do no damage.
The wyvern zombie barely misses you.
You hit the wyvern zombie but do no damage.
You claw the wyvern zombie, but do no damage.
The wyvern zombie barely misses you. x2
Unknown command.
Casting: Airstrike (dangerous; 1% risk of failure)
Confirm with . or Enter, or press ? or * to list all spells.
The wyvern zombie is struck by an arc of lightning!
The wyvern zombie is moderately damaged.
You are struck by an arc of lightning.
The lightning grounds out.
The wyvern zombie bites you!
Unknown command.
Casting: Static Discharge (safe; 1% risk of failure)
Confirm with . or Enter, or press ? or * to list all spells.
The wyvern zombie is struck by an arc of lightning!
The wyvern zombie is heavily damaged.
The lightning grounds out.
You block the wyvern zombie's attack.
Unknown command.
Casting: Static Discharge (safe; 1% risk of failure)
Confirm with . or Enter, or press ? or * to list all spells.
The wyvern zombie is struck by an arc of lightning.
The wyvern zombie is heavily damaged.
You are struck by an arc of lightning.
The wyvern zombie is struck by an arc of lightning.
The wyvern zombie is severely damaged.
The lightning grounds out.
The wyvern zombie bites you! x2
* * * LOW HITPOINT WARNING * * *
Casting: Static Discharge (safe; 1% risk of failure)
Confirm with . or Enter, or press ? or * to list all spells.
The wyvern zombie is struck by an arc of lightning!
The wyvern zombie is severely damaged.
You are struck by an arc of lightning.
* * * LOW HITPOINT WARNING * * *
The wyvern zombie is struck by an arc of lightning.
The wyvern zombie is almost destroyed.
The lightning grounds out.
The wyvern zombie bites you!
You die...
Your body crumbles into a pile of gold.

######### #.#
#.# #.# #.#
#.# #.# #.#
.##########.#
......Z@....#
#######.#####
#.# #.# #.#
..# #.# #.#


You could see a wyvern zombie.

Vanquished Creatures
  Grinder (D:3)
  A wyvern (D:8)
  A black bear (D:5)
  A water moccasin (D:7)
  2 orc warriors
  An ice beast (D:8)
  A sky beast (D:4)
  2 centaurs
  A phantom (D:4)
  A gnoll sergeant (D:4)
  5 scorpions
  A water moccasin zombie (D:5)
  A bullfrog zombie (D:6)
  2 bullfrog skeletons
  A jelly (D:5)
  2 hounds
  Jessica (D:3)
  Ijyb (D:3)
  4 iguanas
  2 orc wizards
  A killer bee zombie (D:6)
  A hound skeleton (D:4)
  2 howler monkey zombies
  7 gnolls
  7 adders
  A shadow imp (D:7)
  2 white imps
  A worm (D:2)
  3 dart slugs
  10 orcs
  11 ball pythons
  3 bats
  10 endoplasms
  A giant cockroach (D:1)
  9 goblins
  10 hobgoblins
  12 jackals
  7 kobolds
  2 quokkas
  A frilled lizard (D:1)
  7 rats
140 creatures vanquished.

Notes
Turn   | Place    | Note
-------+----------+-------------------------------------------
     0 | D:1      | Zeld the Tengu Air Elementalist began the quest for the
                  | Orb.
     0 | D:1      | Reached XP level 1. HP: 10/10 MP: 4/4
   405 | D:1      | Reached XP level 2. HP: 15/15 MP: 1/6
   457 | D:1      | Learned a level 2 spell: Static Discharge
   855 | D:1      | Reached XP level 3. HP: 19/19 MP: 5/7
   859 | D:1      | Learned a level 3 spell: Swiftness
  1983 | D:2      | Reached skill level 5 in Air Magic
  2182 | D:2      | Reached XP level 4. HP: 20/24 MP: 6/9
  2344 | D:2      | Found a faded altar of an unknown god.
  2700 | D:3      | Found a broken altar of Ashenzari.
  2717 | D:3      | Gained mutation: Your magical nature lets you fly swiftly
                  | and evasively. [Tengu growth]
  2717 | D:3      | Reached XP level 5. HP: 21/28 MP: 5/10
  3154 | D:3      | Noticed Jessica
  3156 | D:3      | Found a bloodstained altar of Trog.
  3158 | D:3      | Killed Jessica
  3159 | D:3      | Reached skill level 6 in Air Magic
  3294 | D:3      | Noticed Ijyb
  3296 | D:3      | Noticed Grinder
  3332 | D:4      | Reached XP level 6. HP: 19/32 MP: 4/12
  3340 | D:4      | Learned a level 4 spell: Airstrike
  3945 | D:3      | Paralysed by Ijyb for 4 turns
  3958 | D:3      | Killed Ijyb
  4406 | D:3      | Killed Grinder
  4407 | D:3      | Reached skill level 7 in Air Magic
  4407 | D:3      | Reached XP level 7. HP: 36/36 MP: 1/15
  4523 | D:3      | Found a runed translucent door.
  4524 | D:3      | Noticed Crazy Yiuf
  5419 | D:4      | Found an opulent altar of Gozag.
  5481 | D:4      | Became a worshipper of Gozag Ym Sagoz the Greedy
  5512 | D:4      | Reached skill level 5 in Spellcasting
  5978 | D:4      | Reached skill level 8 in Air Magic
  6077 | D:4      | Reached skill level 5 in Conjurations
  6275 | D:4      | Reached XP level 8. HP: 19/41 MP: 1/17
  6884 | D:5      | Entered Level 5 of the Dungeon
  7360 | D:5      | Found a staircase to the Ecumenical Temple.
  7387 | D:5      | Reached skill level 9 in Air Magic
  7406 | Temple   | Entered the Ecumenical Temple
  8319 | D:5      | Found an ancient bone altar of Kikubaaqudgha.
  9225 | D:6      | Found a shimmering altar of Xom.
  9233 | D:6      | Learned a level 3 spell: Mephitic Cloud
  9416 | D:6      | Reached skill level 10 in Air Magic
  9416 | D:6      | Reached XP level 9. HP: 32/45 MP: 6/20
 10485 | D:7      | Found a sacrificial altar of Ru.
 10829 | D:8      | Found a runed translucent door.
 10837 | D:8      | Noticed a manticore
 10837 | D:8      | Noticed trickyswaf's ghost (journeyman HOFi)
 11180 | D:8      | Slain by a wyvern zombie

Illustrated notes

Levels and vault maps discovered:
D:1:      dpeg_chamrin_arrival_tetris, layout_rooms
D:2:      layout_rooms, shapermc_ecumenical_altar_ellora,
          minmay_misc_feat_square, grunt_ministairs_14
D:3:      layout_basic, amcnicky_altar_gilded, mainiacjoe_overflow_tiny_flanked,
          uniq_grinder, uniq_jessica, uniq_ijyb, uniq_crazy_yiuf_cottage
D:4:      layout_loops_ring, nicolae_gozag_cash_rules_everything_around_me,
          chequers_serial_rivers_large_a, minmay_manual_mess
D:5:      wad_crossroads, layout_basic, nicolae_kikubaaqudgha_miasma_corner,
          minmay_temple_entry_enclosed_plants, chequers_serial_rivers_micro_e
D:6:      layout_rooms, mainiacjoe_overflow_catwalk, lemuel_flamethrower_2
D:7:      layout_rooms, marbit_many_paths, serial_aquarium,
          aquarium_bridge_long_joined [aquarium_subvault_bridge,
          aquarium_subvault_wall, aquarium_subvault_window,
          aquarium_subvault_window, aquarium_subvault_bridge,
          aquarium_subvault_balcony], aquarium_window_3, aquarium_window_1,
          aquarium_window_fake, aquarium_window_1, aquarium_view_2b,
          aquarium_balcony_3b, aquarium_pool_1
D:8:      layout_loops_ring, old_standard_altar, ebering_ghost_inner_flame,
          palyth_stone_intersect
Temple:   compressed_dpeg_triangle_lava_temple

Skill      XL: |  1  2  3  4  5  6  7  8  9 |
---------------+----------------------------+-----
Conjurations   | 2 3 4 5 6 7 |  7.7
Air Magic      | 5 6 7 8 10 | 10.0
Spellcasting   | 3 4 5 6 7 |  7.7
Dodging        | |  2.1
Stealth        | |  2.0

Action                   |  1- 3 |  4- 6 |  7- 9 || total
-------------------------+-------+-------+-------++-------
Melee: Unarmed           |    14 |    22 |    12 ||    48
       Kick              |     8 |     6 |     3 ||    17
       Peck              |     2 |     2 |     3 ||     7
 Cast: Shock             |    56 |    26 |       ||    82
       Static Discharge  |     9 |    31 |    39 ||    79
       Airstrike         |       |     7 |    79 ||    86
 Stab: Sleeping          |       |     2 |       ||     2
Armor: Robe              |     3 |    18 |    11 ||    32
Dodge: Dodged            |    22 |    56 |    33 ||   111
Block: Other             |       |       |     1 ||     1
